Map: Dash and Terminal LE (Void)

Players

Tizztastic

  • Race: Terran Terran
  • League: Bronze

wabbajack - Winner!

  • Race: Zerg Zerg
  • League: Gold

VOD

Have the link to the VOD?

Description

Time

  • Played on: July 22, 2015, 12:14 a.m.
  • Length: 7:28
Show
View Real Time Build Order
Export as new Build Order

Tizztastic Terran 

Build Orders: Hellion Opening 

Get SALT Encoding   

  12  0:01  SCV  
  13  0:13  SCV  
  14  0:17  Supply Depot  
  14  0:25  SCV  
  15  0:29  Refinery  
  15  0:38  SCV  
  16  0:45  Barracks  
  16  0:51  SCV  
  17  1:03  SCV  
  18  1:15  SCV  
  19  1:31  Orbital Command  
  19  1:35  Factory, Marine  
  20  1:54  Barracks Reactor  
  20  2:04  Supply Depot  
  20  2:11  SCV  
  21  2:20  Hellion  
  23  2:30  Command Center  
  23  2:31  SCV  
  23  2:48  Hellion x2  
  23  2:49  Supply Depot  
  27  2:53  SCV  
  28  2:58  Refinery  
  28  3:09  Hellion  
  28  3:11  Hellion  
  32  3:14  SCV  
  33  3:20  Factory  
  33  3:26  SCV  
  34  3:28  Barracks Tech Lab  
  34  3:31  Hellion  
  36  3:38  Armory  
  36  3:45  Orbital Command  
  36  3:54  Hellion  
  39  3:55  SCV  
  39  4:05  Widow Mine  
  39  4:07  SCV  
  39  4:09  Orbital Command  
  42  4:19  SCV  
  20  4:44  Widow Mine x2  
  17  4:58  Marine  
  16  5:01  Orbital Command  
  16  5:02  SCV  
  15  5:13  Hellion  
  15  5:14  SCV  
  17  5:26  SCV  
  9  5:59  SCV  
  10  6:14  SCV  
  11  6:29  SCV  
  11  6:30  SCV  
  13  6:41  SCV  
  13  6:42  SCV  
Show
View Real Time Build Order
Export as new Build Order

wabbajack Zerg - Winner!

Build Orders: Pool First 

Get SALT Encoding   

  12  0:01  Drone  
  13  0:14  Overlord  
  13  0:22  Drone  
  13  0:24  Extractor  
  13  0:25  Drone  
  15  0:35  Drone  
  16  0:39  Extractor  
  15  0:47  Spawning Pool  
  14  0:50  Drone  
  14  0:54  Drone  
  16  0:58  Drone  
  17  1:09  Drone  
  18  1:26  Drone  
  19  1:34  Zergling x2  
  19  1:35  Queen  
  22  1:42  Overlord  
  22  1:54  Hatchery  
  21  2:11  Baneling Nest  
  21  2:12  Pneumatized Carapace  
  20  2:19  Zergling x2  
  20  2:20  Zergling x4  
  22  3:11  Spine Crawler  
  21  3:18  Spine Crawler, Baneling  
  21  3:19  Baneling x3  
  20  3:21  Zergling x2  
  20  3:22  Zergling x6  
  20  3:24  Overlord  
  20  3:25  Drone  
  20  3:26  Drone x3  
  28  3:42  Zergling x2  
  28  3:43  Zergling x6  
  28  3:47  Zergling x2  
  33  3:56  Queen  
  32  4:29  Zergling x2  
  32  4:30  Roach Warren, Zergling x8  
  22  5:41  Drone  
  22  5:42  Drone x3  
  23  6:05  Drone x3  
  23  6:07  Drone  
  27  6:19  Drone x2  
  27  7:15  Drone  
  27  7:16  Drone x15  
  27  7:19  Extractor  
  27  7:20  Extractor  
  40  7:26  Evolution Chamber  
Tags
 
Add a new tag
Caveats
  • Supply blocks, unpowered buildings, or Contaminate may cause inaccurate times.
  • Supply counts are checked every 10 seconds.